 Dungeon Crawl Stone Soup version 0.23.2-33-g5129a83 (webtiles) character file.

Game seed: 12430018672617239372

65 technought the Skirmisher (level 4, -1/40 HPs)
             Began as a Hill Orc Fighter on Aug 6, 2019.
             Was a Follower of Nemelex Xobeh.
             Killed from afar by Sigmund (3 damage)
             ... with a magic dart
             ... on level 3 of the Dungeon.
             The game lasted 00:03:59 (1414 turns).

technought the Skirmisher (Hill Orc Fighter)        Turns: 1414, Time: 00:03:59

Health: -1/40      AC:  9    Str: 19    XL:     4   Next: 13%
Magic:  4/4        EV:  7    Int:  8    God:    Nemelex Xobeh [*.....]
Gold:   60         SH:  9    Dex: 10    Spells: 3/3 levels left

rFire    . . .     SeeInvis .   a - +0 long sword
rCold    . . .     Gourm    .   c - +0 shield
rNeg     . . .     Faith    .   b - +2 scale mail
rPois    .         Spirit   .   (no helmet)
rElec    .         Reflect  .   (no cloak)
rCorr    .         Harm     .   (no gloves)
MR       .....                  (no boots)
Stlth    ..........             (no amulet)
HPRegen  0.13/turn              (no ring)
MPRegen  0.09/turn              (no ring)

@: no status effects
A: no striking features
a: Draw Escape, Draw Destruction, Draw Summoning, Renounce Religion


You were on level 3 of the Dungeon.
You worshipped Nemelex Xobeh.
Nemelex Xobeh was aware of your devotion.
You were hungry.

You visited 1 branch of the dungeon, and saw 3 of its levels.

You collected 60 gold pieces.

Inventory:

Hand Weapons
 a - a +0 long sword (weapon)
Armour
 b - a +2 scale mail (worn)
 c - a +0 shield (worn)
Potions
 d - 3 potions of might
Comestibles
 f - 3 rations


   Skills:
 + Level 4.2 Fighting
 + Level 3.2 Long Blades
 + Level 3.8 Armour
 + Level 3.8 Shields


You had 3 spell levels left.
You didn't know any spells.
Your spell library was empty.

Dungeon Overview and Level Annotations

Branches:
Dungeon (3/15)

Altars:
Nemelex Xobeh

Annotations:
D:3 Sigmund, Terence


Message History

A magic dart appears from out of thin air!
The magic dart hits you but does no damage.
The goblin closely misses you.
You bump into the rock wall.
Something hits you.
* * * LOW HITPOINT WARNING * * *
The goblin hits you but does no damage.
Your magical contamination has completely faded away.
You bump into the rock wall.
You feel less confused. The goblin barely misses you.
You riposte.
You completely miss the goblin.
You hear some strange, mumbled words.
A puff of flame appears from out of thin air!
The puff of flame hits you!
* * * LOW HITPOINT WARNING * * *
Your shield and scale mail prevent you from hitting the goblin.
You block the goblin's attack.
A magic dart appears from out of thin air!
The magic dart hits you.
You die...
Your body disappears without a glow.

#..... ..... #....
#... ... #.... #.#
#....
#######g#######
#..^.
.......@.{....#
#....
#######.#.....##.#
#....
...#....(##.#
#....
....######†.#.#
#.... ......
##.#.# #....
.##### #.#.# #....
#.#.# #.?..
#.#.###.l.l
#.......#..


You could see a goblin.

Vanquished Creatures
  An adder (D:2)
  2 oozes (D:1)
  A worm (D:2)
  2 dart slugs (D:1)
  4 bats
  4 giant cockroaches
  9 goblins
  A hobgoblin (D:2)
  3 jackals (D:1)
  5 kobolds
  2 frilled lizards
  5 rats
39 creatures vanquished.

Notes
Turn   | Place    | Note
-------+----------+-------------------------------------------
     0 | D:1      | technought the Hill Orc Fighter began the quest for the
                  | Orb.
     0 | D:1      | Reached XP level 1. HP: 19/19 MP: 1/1
   111 | D:1      | Reached XP level 2. HP: 25/27 MP: 2/2
   446 | D:1      | Reached skill level 4 in Fighting
   452 | D:1      | Reached XP level 3. HP: 33/33 MP: 3/3
  1242 | D:2      | Reached XP level 4. HP: 40/40 MP: 4/4
  1294 | D:2      | Found a faded altar of an unknown god.
  1324 | D:2      | Became a worshipper of Nemelex Xobeh the Trickster
  1324 | D:2      | Received a gift from Nemelex Xobeh
  1324 | D:2      | Reached * piety under Nemelex Xobeh
  1355 | D:3      | Noticed Sigmund
  1374 | D:3      | Noticed Terence
  1413 | D:3      | HP: 2/40 [something/puff of flame (7)]
  1414 | D:3      | Killed from afar by Sigmund

Skill      XL: |  1  2  3 |
---------------+----------+-----
Fighting       | 4 |  4.2
Long Blades    | 3 |  3.2
Armour         | |  3.8
Shields        | |  3.8

Action                   |  1- 3 |  4- 6 || total
-------------------------+-------+-------++-------
Melee: Long sword        |    99 |    17 ||   116
 Abil: Draw Destruction  |       |     1 ||     1
  Use: Scroll            |     6 |     2 ||     8
       Potion            |     1 |     1 ||     2
  Eat: Chunk             |     1 |       ||     1
Armor: Scale mail        |    69 |    21 ||    90
Dodge: Dodged            |    32 |    12 ||    44
Block: Shield            |    61 |    10 ||    71
       Rpst.: Long sword |    13 |     2 ||    15
